 Dungeon Crawl Stone Soup version 0.30.0-29-ga12c61a403 (webtiles) character file.

Game seed: 6644700631372546628

158 qw the Chopper (level 5, 0/32 HPs)
             Began as a Gargoyle Fighter on June 5, 2023.
             Slain by Eustachio
             ... wielding a +0 falchion
              (4 damage)
             ... on level 4 of the Dungeon.
             The game lasted 00:01:21 (2012 turns).

qw the Chopper (Gargoyle Fighter)                   Turns: 2012, Time: 00:01:21

Health: 0/32       AC: 10    Str: 20 (21) XL:     5   Next: 39%
Magic:  5/5        EV:  9    Int:  9      God:
Gold:   243        SH:  4    Dex:  9      Spells: 4/4 levels left

rFire   . . .        Y - +0 war axe
rCold   . . .        c - +0 buckler
rNeg    + . .        b - +0 scale mail
rPois   inf          (no helmet)
rElec   +            (no cloak)
rCorr   .            (no gloves)
SInv    .            (no boots)
Will    .....        (no amulet) Stlth
                     (no ring)
HPRegen 0.25/turn    (no ring)
MPRegen 0.09/turn

%: no passive effects
@: no status effects
A: sickness immunity, AC +4, negative energy resistance 1, electricity
resistance, torment resistance 1, petrification resistance
a: no special abilities


You were on level 4 of the Dungeon.
You visited 1 branch of the dungeon, and saw 4 of its levels.

You collected 243 gold pieces.


Innate Abilities, Weirdness & Mutations

You are immune to sickness and miasma.
Your stone body is resilient. (AC +4)
You are immune to poison.
You resist negative energy. (rN+)
You are resistant to electric shocks. (rElec)
You are resistant to unholy torment.
You are immune to petrification.


   Skills:
 - Level 3.2 Fighting
 + Level 4.9 Axes
 - Level 3.2 Armour
 - Level 3.2 Shields


You had 4 spell levels left.
You didn't know any spells.
Your spell library was empty.

Inventory:

Hand Weapons
 a - a +0 flail
 Y - a +0 war axe (weapon)
Armour
 b - a +0 scale mail (worn)
 c - a +0 buckler (worn)
 i - a +3 ring mail
 l - a +0 cloak
Scrolls
 g - a scroll of teleportation {unknown}
 n - a scroll of amnesia {unknown}
Potions
 d - 2 potions of might
 e - a potion of lignification {unknown}
 f - a potion of magic {unknown}
 h - 2 potions of curing
 j - a potion of mutation {unknown}
 k - a potion of heal wounds {unknown}
 m - 2 potions of ambrosia {unknown}

Dungeon Overview and Level Annotations

Branches:
Dungeon (3/15)

Altars:

Annotations:
D:4 Eustachio


Message History

The bat hits you but does no damage.
You barely miss the bat. The bat misses you. You block the bat's attack.
You closely miss the bat. The bat hits you but does no damage. x3
You barely miss the bat. You block the bat's attack. The bat barely misses you.
You hit the bat but do no damage. The bat hits you but does no damage.
The bat barely misses you.
Eustachio gestures wildly while chanting.
Eustachio blinks!
The bat hits you but does no damage.
You barely miss the river rat. You closely miss the bat.
The bat barely misses you. The bat hits you but does no damage.
The river rat bites you but does no damage.
Eustachio mumbles some strange words.
You closely miss the river rat. You slash the bat!
You kill the bat!
The bat's corpse disappears in a puff of smoke!
The river rat disappears in a puff of smoke!
The rat bites you but does no damage.
You closely miss the rat. The rat bites you.
You slash the rat!
You kill the rat!
The rat's corpse disappears in a puff of smoke!
The bat hits you but does no damage. The bat closely misses you.
The bat barely misses you.
You slash the bat!
You kill the bat!
The bat's corpse disappears in a puff of smoke!
You slash the bat!
You kill the bat!
The bat's corpse disappears in a puff of smoke!
You miss Eustachio.
Eustachio is almost dead.
Eustachio hits you with a +0 falchion.
You barely miss Eustachio.
Eustachio is almost dead.
Eustachio hits you with a +0 falchion.
You die...

# ...
#....#####
#$.....@¤#
.....###@#
### #.#
#.# #.#
¤.. #.#
#.. ###


You could see Eustachio.

Vanquished Creatures
  A scorpion (D:4)
  Terence (D:3)
  2 dart slugs
  An orc (D:3)
  7 ball pythons
  5 bats
  2 endoplasms
  7 giant cockroaches
  5 goblins
  8 hobgoblins
  3 jackals (D:3)
  3 kobolds
  2 quokkas
  6 frilled lizards
  8 rats
61 creatures vanquished.

Notes
Turn   | Place    | Note
-------+----------+-------------------------------------------
     0 | D:1      | qw the Gargoyle Fighter began the quest for the Orb.
     0 | D:1      | Reached XP level 1. HP: 14/14 MP: 1/1
     0 | D:1      | 0 ||| qw: Version: 0.2-a-108-gee2c290
     0 | D:1      | 0 ||| qw: Game counter: 1487
     0 | D:1      | 0 ||| qw: Always use a shield: true
     0 | D:1      | 0 ||| qw: God list: Okawaru
     0 | D:1      | 0 ||| qw: Allow faded altars: false
     0 | D:1      | 0 ||| qw: Do Orc after D:15 true
     0 | D:1      | 0 ||| qw: Do second Lair branch before Depths: true
     0 | D:1      | 0 ||| qw: Lair rune preference: random
     0 | D:1      | 0 ||| qw: Plans: Normal, Zot:1-4, Slime:5, God:TSO, Crypt,
                  | Tomb, Abyss, Pan, Hells, Win
     0 | D:1      | 0 ||| PLANNING D:1-11
    52 | D:1      | Reached skill level 2 in Axes
   135 | D:1      | Reached XP level 2. HP: 19/19 MP: 2/2
   181 | D:1      | 181 ||| Stepping ~*~*~tactically~*~*~ (stealth).
   184 | D:1      | 184 ||| Stepping ~*~*~tactically~*~*~ (stealth).
   426 | D:1      | 426 ||| READING scroll labelled FUDDAO CITSUMU.
   427 | D:1      | 427 ||| READING scroll labelled ZYOZOVYTOO.
   428 | D:1      | 428 ||| DRINKING 2 sedimented purple potions.
   429 | D:1      | 429 ||| DROPPING potion of degeneration.
   503 | D:2      | Reached skill level 3 in Axes
   529 | D:2      | 529 ||| Stepping ~*~*~tactically~*~*~ (stealth).
   559 | D:2      | 559 ||| Stepping ~*~*~tactically~*~*~ (stealth).
   560 | D:2      | 560 ||| Stepping ~*~*~tactically~*~*~ (stealth).
   566 | D:2      | Reached XP level 3. HP: 21/23 MP: 3/3
   776 | D:2      | 776 ||| DROPPING +0 club.
  1007 | D:2      | Found a faded altar of an unknown god.
  1305 | D:2      | 1305 ||| READING scroll labelled RAIXURI YBUEBAC.
  1306 | D:2      | 1306 ||| DRINKING 2 fizzy silvery potions.
  1307 | D:2      | 1307 ||| DRINKING 2 smoky pink potions.
  1308 | D:2      | 1308 ||| DROPPING potion of brilliance.
  1380 | D:3      | 1380 ||| DROPPING +0 whip.
  1384 | D:3      | 1384 ||| Stepping ~*~*~tactically~*~*~ (stealth).
  1484 | D:3      | Noticed Terence
  1494 | D:3      | Reached XP level 4. HP: 28/28 MP: 4/4
  1510 | D:3      | Killed Terence
  1511 | D:3      | Reached skill level 4 in Axes
  1654 | D:3      | 1654 ||| Stepping ~*~*~tactically~*~*~ (stealth).
  1941 | D:3      | You fall into a shaft and drop 1 floor!
  1942 | D:4      | Noticed Eustachio
  1944 | D:4      | Noticed a scorpion
  1960 | D:4      | HP: 5/28 [scorpion (4)]
  1964 | D:4      | Killed a scorpion
  1965 | D:4      | Reached XP level 5. HP: 4/32 MP: 5/5
  1996 | D:4      | HP: 6/32 [river rat[Eustachio] (5)]
  2008 | D:4      | HP: 4/32 [rat[Eustachio] (3)]
  2012 | D:4      | Slain by Eustachio

Levels and vault maps discovered:
D:1:      lemuel_arrival_muddy, layout_rooms
D:2:      layout_basic, shapermc_ecumenical_altar_gd
D:3:      layout_loops_ring, uniq_terence
D:4:      layout_loops_cross, mainiacjoe_overflow_alcove_1,
          overflow_temple_1_default, lemuel_crystal_altar,
          minmay_temple_entry_junction, gammafunk_ghost_grave, feat_on_display,
          uniq_ijyb, uniq_eustachio

Skill      XL: |  1  2  3  4 |
---------------+-------------+-----
Axes           | 2 3 4 |  4.9
Fighting       | |  3.2
Armour         | |  3.2
Shields        | |  3.2

Action                     |  1- 3 |  4- 6 || total
---------------------------+-------+-------++-------
  Melee: War axe           |   129 |   110 ||   239
    Use: Scroll            |     3 |       ||     3
         Potion            |     3 |       ||     3
 Armour: Scale mail        |    64 |    59 ||   123
  Dodge: Dodged            |    56 |    85 ||   141
  Block: Buckler           |    23 |    29 ||    52

Table legend:
 A = Non-vault XP
 B = Vault XP
 C = Vault XP percentage of total XP
 D = Non-vault monster count
 E = Vault monster count
 F = Vault count percentage of total count
                 A         B        C        D         E       F
            +---------+---------+-------+---------+---------+-------
      Total |     188 |      38 |  16.8 |      60 |       1 |   1.6
            +---------+---------+-------+---------+---------+-------
        D:1 |      26 |       0 |   0.0 |      17 |       0 |   0.0
        D:2 |      31 |       0 |   0.0 |      16 |       0 |   0.0
        D:3 |      44 |      38 |  46.3 |      26 |       1 |   3.7
        D:4 |      87 |       0 |   0.0 |       1 |       0 |   0.0
            +---------+---------+-------+---------+---------+-------
